 Dungeon Crawl Stone Soup version 0.31-a0-233-g139696dc86 (webtiles) character file.

Game seed: 6333220332888502710

79 qw the Shooter (level 4, -3/36 HPs)
             Began as a Minotaur Hexslinger on July 8, 2023.
             Slain by Grinder (5 damage)
             ... on level 3 of the Dungeon.
             The game lasted 00:00:39 (1846 turns).

qw the Shooter (Minotaur Hexslinger)                Turns: 1846, Time: 00:00:40

Health: -3/36      AC:  4    Str: 13    XL:     4   Next: 16%
Magic:  4/4        EV: 12    Int: 10    God:
Gold:   94         SH:  5    Dex: 14    Spells: 4/5 levels left

rFire   . . .        Y - +1 sling
rCold   + . .        (no shield)
rNeg    . . .        h - +0 leather armour {rC+}
rPois   .            (helmet restricted)
rElec   .            (no cloak)
rCorr   +            (no gloves)
SInv    .            i - +0 pair of boots
Will    .....        c - amulet of reflection
Stlth   +            e - ring of resist corrosion
HPRegen 0.26/turn    (no ring)
MPRegen 0.09/turn

%: reflection
@: no status effects
A: horns 2, retaliatory headbutt
a: no special abilities


You were on level 3 of the Dungeon.
You visited 1 branch of the dungeon, and saw 3 of its levels.

You collected 94 gold pieces.


Innate Abilities, Weirdness & Mutations

You have a pair of horns on your head.
You reflexively headbutt those who attack you in melee.


   Skills:
 - Level 2.1 Fighting
 + Level 4.6 Ranged Weapons
 - Level 2.1 Dodging
 - Level 1.0 Spellcasting
 - Level 2.0 Hexes


You had 4 spell levels left.
You knew the following spells:

 Your Spells              Type           Power      Damage    Failure   Level
a - Slow                  Hex            16%        N/A       19%         1

Your spell library contained the following spells:

 Spells                   Type           Power      Damage    Failure   Level
 Inner Flame              Hex/Fire       2%         N/A       65%         3
 Portal Projectile        Hex/Tloc       4%         N/A       65%         3
 Cause Fear               Hex            2%         N/A       88%         4

Inventory:

Hand Weapons
 Y - a +1 sling (weapon)
Armour
 h - a +0 leather armour of cold resistance (worn)
 i - a +0 pair of boots (worn)
Jewellery
 a - a ring of resist corrosion
 c - an amulet of reflection (around neck)
 e - a ring of resist corrosion (left hand)
Potions
 b - a potion of enlightenment {unknown}
 d - a potion of brilliance {unknown}
 g - a potion of haste {unknown}

Dungeon Overview and Level Annotations

Branches:
Dungeon (3/15)

Altars:

Annotations:
D:3 Grinder


Message History

Grinder is moderately wounded.
You shoot a sling bullet.
The sling bullet hits Grinder but does no damage.
Grinder is moderately wounded.
Grinder gestures at you. Pain shoots through your body!
Grinder blinks!
1829 ||| FLEEEEING.
1830 ||| FLEEEEING.
1831 ||| STILL FLEEEEING.
1832 ||| STILL FLEEEEING.
1833 ||| STILL FLEEEEING.
1834 ||| STILL FLEEEEING.
1835 ||| STILL FLEEEEING.
1836 ||| FLEEEEING.
You shoot a sling bullet. The sling bullet hits Grinder.
Grinder is moderately wounded.
Grinder blinks!
1838 ||| STILL FLEEEEING.
You shoot a sling bullet. The sling bullet barely misses Grinder.
You shoot a sling bullet. The sling bullet hits Grinder.
Grinder is moderately wounded.
You shoot a sling bullet.
The sling bullet completely misses Grinder.
Grinder barely misses you.
You shoot a sling bullet. The sling bullet hits Grinder.
Grinder is moderately wounded.
Grinder barely misses you.
You shoot a sling bullet. The sling bullet hits Grinder.
Grinder is moderately wounded.
You block Grinder's attack.
You shoot a sling bullet. The sling bullet hits Grinder.
Grinder is heavily wounded.
Grinder hits you.
You writhe in agony.
You shoot a sling bullet. The sling bullet hits Grinder.
Grinder is heavily wounded.
Grinder closely misses you.
You shoot a sling bullet.
The sling bullet closely misses Grinder.
You block Grinder's attack. Grinder hits you.
You die...

#########
........#
####.###
##......# .#
#....##.# ...
#..5.##.# #.###
#.@..##.# >...
+...###.#
...##...# #.#
#..#...# #5#
###'#...# #.#
#.......# #.#
#.....#.# #<#
#.......#########
######...........


You could see Grinder.

Vanquished Creatures
  4 adders (D:2)
  3 dart slugs
  5 bats
  4 endoplasms
  3 goblins
  5 hobgoblins
  4 kobolds
  2 quokkas (D:1)
  4 frilled lizards
  3 rats (D:1)
37 creatures vanquished.

Notes
Turn   | Place    | Note
-------+----------+-------------------------------------------
     0 | D:1      | qw the Minotaur Hexslinger began the quest for the Orb.
     0 | D:1      | Reached XP level 1. HP: 16/16 MP: 1/1
     0 | D:1      | 0 ||| qw: Version: 0.3-a-46-gb1f654a
     0 | D:1      | 0 ||| qw: Game counter: 3769
     0 | D:1      | 0 ||| qw: Melee chars always use a shield: true
     0 | D:1      | 0 ||| qw: God list: Okawaru
     0 | D:1      | 0 ||| qw: Allow faded altars: false
     0 | D:1      | 0 ||| qw: Do Orc after clearing Dungeon:15 true
     0 | D:1      | 0 ||| qw: Do second Lair branch before Depths: true
     0 | D:1      | 0 ||| qw: Lair rune preference: random
     0 | D:1      | 0 ||| qw: Goals: Normal
     0 | D:1      | 0 ||| PLANNING D:1-11
    70 | D:1      | Reached skill level 3 in Ranged Weapons
    74 | D:1      | Reached XP level 2. HP: 22/23 MP: 2/2
   278 | D:1      | 278 ||| DROPPING scroll of poison.
   380 | D:1      | Reached XP level 3. HP: 27/29 MP: 3/3
   747 | D:1      | 747 ||| UPGRADING to +0 leather armour.
   757 | D:1      | 757 ||| DROPPING +0 robe.
   758 | D:1      | 758 ||| UPGRADING to +0 leather armour of cold resistance.
   768 | D:1      | 768 ||| DROPPING +0 leather armour.
   769 | D:1      | 769 ||| UPGRADING to ring of resist corrosion.
  1024 | D:2      | 1024 ||| FLEEEEING.
  1035 | D:2      | Reached skill level 4 in Ranged Weapons
  1237 | D:2      | Reached XP level 4. HP: 36/36 MP: 4/4
  1570 | D:2      | 1570 ||| UPGRADING to +0 pair of boots.
  1575 | D:2      | 1575 ||| UPGRADING to amulet of reflection.
  1580 | D:2      | 1580 ||| READING scroll labelled AREBAS GOAPAEM.
  1698 | D:3      | Noticed Grinder
  1703 | D:3      | Paralysed by Grinder for 3 turns
  1705 | D:3      | HP: 8/36 [Grinder/nerve-wracking pain (10)]
  1707 | D:3      | 1707 ||| FLEEEEING.
  1708 | D:3      | 1708 ||| FLEEEEING.
  1709 | D:3      | 1709 ||| FLEEEEING.
  1710 | D:3      | 1710 ||| FLEEEEING.
  1711 | D:3      | 1711 ||| FLEEEEING.
  1712 | D:3      | 1712 ||| FLEEEEING.
  1713 | D:3      | 1713 ||| FLEEEEING.
  1714 | D:3      | 1714 ||| FLEEEEING.
  1715 | D:3      | 1715 ||| FLEEEEING.
  1719 | D:3      | 1719 ||| FLEEEEING.
  1720 | D:3      | 1720 ||| FLEEEEING.
  1721 | D:3      | 1721 ||| FLEEEEING.
  1722 | D:3      | 1722 ||| FLEEEEING.
  1723 | D:3      | 1723 ||| FLEEEEING.
  1724 | D:3      | 1724 ||| FLEEEEING.
  1725 | D:3      | 1725 ||| FLEEEEING.
  1726 | D:3      | 1726 ||| FLEEEEING.
  1727 | D:3      | 1727 ||| FLEEEEING.
  1734 | D:3      | 1734 ||| FLEEEEING.
  1737 | D:3      | 1737 ||| STAIRDANCE
  1828 | D:3      | HP: 6/36 [Grinder/nerve-wracking pain (8)]
  1829 | D:3      | 1829 ||| FLEEEEING.
  1830 | D:3      | 1830 ||| FLEEEEING.
  1836 | D:3      | 1836 ||| FLEEEEING.
  1844 | D:3      | HP: 6/36 [Grinder (5)]
  1844 | D:3      | HP: 1/36 [Grinder (5)]
  1846 | D:3      | Slain by Grinder

Levels and vault maps discovered:
D:1:      dpeg_arrival_pond, layout_loops_ring,
          nicolae_concentric_dashed_squares_mild, minmay_bisected
D:2:      layout_basic
D:3:      layout_basic, uniq_grinder

Skill      XL: |  1  2  3 |
---------------+----------+-----
Ranged Weapons | 3 4 |  4.6
Fighting       | 2 |  2.1
Dodging        | |  2.1
Spellcasting   | |  1.0
Hexes          | |  2.0

Action                     |  1- 3 |  4- 6 || total
---------------------------+-------+-------++-------
   Fire: Sling             |   102 |    31 ||   133
    Use: Scroll            |       |     1 ||     1
 Armour: Robe              |     4 |       ||     4
         Leather armour    |     5 |     1 ||     6
  Dodge: Dodged            |    22 |     6 ||    28
  Block: Other             |       |     2 ||     2

Table legend:
 A = Non-vault XP
 B = Vault XP
 C = Vault XP percentage of total XP
 D = Non-vault monster count
 E = Vault monster count
 F = Vault count percentage of total count
                 A         B        C        D         E       F
            +---------+---------+-------+---------+---------+-------
      Total |     109 |       4 |   3.5 |      34 |       3 |   8.1
            +---------+---------+-------+---------+---------+-------
        D:1 |      43 |       4 |   8.5 |      23 |       3 |  11.5
        D:2 |      66 |       0 |   0.0 |      11 |       0 |   0.0
            +---------+---------+-------+---------+---------+-------
